General information
- name: BNet
- type: Ladder team game (AT/RT)
- host: Battle.net
- saver: NUTSONYOCHIN.de
map: Friends
- players: 8
- length: 138:10
- speed: Fast
- version: 1.21 W3XP
- replay type:

» download(1581 KB)
Players
team 1 (loser)
dEr.FuX (
blue | 174 APM | 24072 actions | 138:04)
10 Archmage
3 Blizzard
3 Brilliance Aura
1 Mass Teleport
3 Summon Water Elemental
10 Blood Mage
3 Flame Strike
3 Siphon Mana
1 Summon Phoenix
3 Banish
2 Dark Ranger
1 Silence
1 Life Drain
» actions
| Assign group hotkey | 126 | |
| Basic commands | 2596 | |
| Build / train | 298 | |
| Enter build submenu | 46 | |
| Enter hero's abilities submenu | 24 | |
| Give item / drop item | 1 | |
| Remove unit from queue | 32 | |
| Right click | 9004 | |
| Select / deselect | 5789 | |
| Select group hotkey | 5600 | |
| Use ability | 553 | |
24072 total
» units
| Peasant | 42 | |
| Footman | 5 | |
| Rifleman | 5 | |
| Mortar Team | 2 | |
| Flying Machine | 60 | |
| Siege Engine | 8 | |
| Gryphon Rider | 19 | |
| Dragonhawk Rider | 41 | |
| Goblin Sapper | 6 | |
| Goblin Shredder | 1 | |
189 total
» upgrades
| Defend | 1 | |
| Gunpowder | 4 | |
| Fragmentation Shards | 2 | |
| Lumber Harvesting | 2 | |
| Flak Cannons | 1 | |
| Flare | 1 | |
| Barrage | 1 | |
| Armor | 4 | |
| Plating | 4 | |
| Swords | 3 | |
| Storm Hammers | 1 | |
| Animal War Training | 1 | |
| Cloud | 1 | |
| Masonry | 2 | |
28 total
» buildings
| Altar of Kings | 1 | |
| Barracks | 1 | |
| Farm | 17 | |
| Scout Tower | 6 | |
| Arcane Vault | 1 | |
| Arcane Tower | 1 | |
| Keep | 1 | |
| Blacksmith | 3 | |
| Workshop | 2 | |
| Castle | 1 | |
| Lumber Mill | 1 | |
| Town Hall | 6 | |
| Gryphon Aviary | 3 | |
| Guard Tower | 2 | |
| Arcane Sanctum | 1 | |
47 total
» build order
00:07 Altar of Kings
00:14 Barracks
00:19 Farm
00:45 Farm
01:38 Scout Tower
02:00 Arcane Vault
02:09 Arcane Tower
02:22 Farm
04:14 Keep
04:19 Blacksmith
04:46 Farm
06:11 Farm
06:13 Farm
06:41 Workshop
06:44 Workshop
07:47 Castle
08:46 Farm
10:11 Lumber Mill
10:51 Farm
12:07 Farm
12:48 Farm
14:22 Town Hall
18:41 Farm
19:10 Farm
19:12 Farm
20:54 Farm
22:07 Blacksmith
24:14 Blacksmith
28:24 Farm
31:13 Gryphon Aviary
31:17 Gryphon Aviary
36:17 Gryphon Aviary
36:41 Town Hall
38:26 Town Hall
73:46 Town Hall
102:55 Farm
106:49 Town Hall
109:00 Scout Tower
109:02 Scout Tower
109:16 Town Hall
110:04 Guard Tower
110:07 Scout Tower
110:58 Guard Tower
110:59 Scout Tower
111:02 Scout Tower
133:15 Arcane Sanctum
135:28 Farm
» items
| Scroll of Regeneration | 2 | |
| Scroll of Town Portal | 10 | |
| Potion of Healing | 1 | |
| Healing Salve | 1 | |
| Mechanical Critter | 2 | |
16 total
der.ZonK (
yellow | 50 APM | 6870 actions | 138:08)
10 Tauren Chieftain
3 Endurance Aura
3 War Stomp
1 Reincarnation
3 Shockwave
3 Shadow Hunter
2 Hex
1 Healing Wave
» actions
| Assign group hotkey | 102 | |
| Basic commands | 210 | |
| Build / train | 191 | |
| Enter build submenu | 41 | |
| Enter hero's abilities submenu | 14 | |
| Remove unit from queue | 4 | |
| Right click | 3260 | |
| Select / deselect | 2103 | |
| Select group hotkey | 470 | |
| Use ability | 474 | |
6870 total
» units
| Peon | 23 | |
| Grunt | 7 | |
| Troll Witch Doctor | 42 | |
| Tauren | 5 | |
| Demolisher | 32 | |
| Troll Batrider | 2 | |
| Raider | 14 | |
125 total
» upgrades
| Berserker Strength | 1 | |
| Armor | 3 | |
| Melee Weapons | 3 | |
| Witch Doctor Training | 2 | |
| Reinforced Defenses | 1 | |
| Pulverize | 1 | |
| Burning Oil | 1 | |
| Ranged Weapons | 3 | |
| Spiked Barricades | 3 | |
| Ensnare | 1 | |
19 total
» buildings
| Altar of Storms | 2 | |
| Orc Burrow | 7 | |
| Barracks | 4 | |
| Stronghold | 1 | |
| Voodoo Lounge | 1 | |
| War Mill | 1 | |
| Fortress | 1 | |
| Spirit Lodge | 1 | |
| Tauren Totem | 2 | |
| Beastiary | 1 | |
| Great Hall | 3 | |
| Watch Tower | 11 | |
35 total
» build order
00:15 Altar of Storms
00:24 Orc Burrow
00:39 Barracks
01:39 Orc Burrow
02:58 Stronghold
03:16 Orc Burrow
03:40 Voodoo Lounge
04:40 War Mill
05:27 Fortress
06:24 Spirit Lodge
07:19 Orc Burrow
08:46 Tauren Totem
08:56 Tauren Totem
10:04 Orc Burrow
11:36 Orc Burrow
20:02 Beastiary
20:12 Great Hall
20:23 Watch Tower
20:29 Watch Tower
57:18 Great Hall
57:22 Watch Tower
58:05 Watch Tower
59:19 Watch Tower
62:06 Watch Tower
75:30 Great Hall
75:55 Watch Tower
76:35 Watch Tower
77:51 Watch Tower
85:40 Watch Tower
88:05 Watch Tower
112:45 Barracks
113:53 Orc Burrow
114:00 Barracks
116:22 Barracks
126:22 Altar of Storms
» items
| Healing Salve | 4 | |
| Orb of Lightning | 2 | |
| Lesser Clarity Potion | 7 | |
| Scroll of Speed | 4 | |
| Scroll of Town Portal | 5 | |
| Potion of Healing | 3 | |
| Potion of Mana | 1 | |
26 total
griffin[lol] (
orange | 101 APM | 13956 actions | 138:01)
10 Warden
3 Shadow Strike
3 Blink
1 Spirit of Vengeance
3 Fan of Knives
2 Pandaren Brewmaster
1 Breath of Fire
1 Drunken Brawler
1 Death Knight
1 Animate Dead
1 Crypt Lord
1 Spiked Carapace
» actions
| Assign group hotkey | 64 | |
| Basic commands | 789 | |
| Build / train | 253 | |
| Enter build submenu | 88 | |
| Enter hero's abilities submenu | 14 | |
| Give item / drop item | 9 | |
| Remove unit from queue | 22 | |
| Right click | 7393 | |
| Select / deselect | 1798 | |
| Select group hotkey | 2560 | |
| Use ability | 965 | |
13956 total
» units
| Wisp | 79 | |
| Chimaera | 13 | |
| Hippogryph | 15 | |
| Glaive Thrower | 3 | |
| Archer | 4 | |
| Dryad | 3 | |
| Acolyte | 3 | |
| Frost Wyrm | 10 | |
130 total
» upgrades
| Strength of the Wild | 3 | |
| Corrosive Breath | 1 | |
| Reinforced Hides | 3 | |
| Well Spring | 1 | |
| Nature's Blessing | 1 | |
| Ultravision | 1 | |
| Strength of the Moon | 3 | |
| Moon Armor | 3 | |
| Vorpal Blades | 1 | |
| Improved Bows | 1 | |
| Sentinel | 1 | |
| Upgrade Moon Glaive | 1 | |
| Marksmanship | 1 | |
| Hippogryph Taming | 1 | |
| Abolish Magic | 1 | |
| Hardened Skin | 1 | |
| Resistant Skin | 1 | |
| Druid of the Claw Training | 2 | |
| Freezing Breath | 1 | |
28 total
» buildings
| Altar of Elders | 1 | |
| Moon Well | 21 | |
| Hunter's Hall | 1 | |
| Ancient of War | 3 | |
| Tree of Ages | 1 | |
| Tree of Eternity | 2 | |
| Ancient of Wind | 4 | |
| Chimaera Roost | 5 | |
| Tree of Life | 16 | |
| Ancient of Wonders | 2 | |
| Ancient Protector | 23 | |
| Ancient of Lore | 3 | |
| Sacrificial Pit | 1 | |
| Ziggurat | 10 | |
| Boneyard | 5 | |
98 total
» build order
00:10 Altar of Elders
00:20 Moon Well
01:54 Hunter's Hall
01:57 Ancient of War
02:01 Moon Well
02:55 Tree of Ages
03:49 Moon Well
04:48 Moon Well
05:30 Tree of Eternity
05:33 Ancient of Wind
05:35 Ancient of Wind
06:40 Moon Well
07:57 Chimaera Roost
07:57 Chimaera Roost
07:58 Chimaera Roost
09:04 Chimaera Roost
11:51 Tree of Life
13:00 Ancient of Wonders
13:02 Ancient of Wind
13:06 Ancient of Wind
14:06 Moon Well
14:07 Moon Well
14:09 Moon Well
18:43 Ancient Protector
18:46 Ancient Protector
20:35 Tree of Life
21:55 Moon Well
28:13 Tree of Life
31:44 Ancient Protector
31:44 Ancient Protector
31:46 Ancient Protector
31:46 Ancient Protector
31:47 Ancient Protector
31:47 Ancient Protector
31:48 Ancient Protector
32:20 Tree of Life
46:11 Ancient of War
46:12 Ancient of War
55:28 Ancient Protector
55:30 Ancient Protector
55:31 Ancient Protector
55:32 Ancient Protector
55:32 Ancient Protector
58:50 Tree of Life
58:52 Tree of Life
58:53 Ancient Protector
58:54 Ancient Protector
58:56 Ancient Protector
58:56 Ancient Protector
58:57 Ancient Protector
58:58 Tree of Life
59:01 Tree of Life
63:35 Tree of Life
63:51 Ancient Protector
65:00 Tree of Life
68:51 Ancient Protector
68:51 Ancient Protector
68:56 Ancient of Wonders
71:11 Tree of Life
72:56 Tree of Life
74:06 Tree of Life
74:09 Tree of Life
74:10 Tree of Life
77:59 Ancient of Lore
78:00 Ancient of Lore
78:01 Ancient of Lore
86:13 Moon Well
86:14 Moon Well
86:15 Moon Well
86:16 Moon Well
86:17 Moon Well
86:19 Moon Well
86:19 Moon Well
86:21 Moon Well
87:28 Moon Well
88:34 Moon Well
90:42 Moon Well
91:46 Moon Well
114:36 Sacrificial Pit
114:40 Ziggurat
114:40 Ziggurat
115:38 Boneyard
115:39 Boneyard
115:40 Boneyard
115:41 Boneyard
115:45 Boneyard
127:54 Ziggurat
127:55 Ziggurat
127:55 Ziggurat
127:56 Ziggurat
127:57 Ziggurat
127:57 Ziggurat
127:57 Ziggurat
129:13 Ziggurat
132:49 Tree of Life
» items
| Boots of Quel'Thalas +6 | 1 | |
| Robe of the Magi +6 | 1 | |
| Orb of Venom | 1 | |
| Potion of Divinity | 1 | |
| Scroll of Town Portal | 12 | |
| Health Stone | 1 | |
| Potion of Mana | 2 | |
| Potion of Healing | 3 | |
| The Lion Horn of Stormwind | 1 | |
| Runed Bracers | 1 | |
| Alleria's Flute of Accuracy | 1 | |
| Scroll of Regeneration | 1 | |
26 total
kjxdg (
teal | 104 APM | 11775 actions | 113:19)
7 Death Knight
3 Death Coil
3 Unholy Aura
1 Death Pact
8 Lich
3 Frost Nova
3 Frost Armor
1 Death and Decay
1 Dark Ritual
6 Crypt Lord
3 Impale
2 Spiked Carapace
1 Locust Swarm
» actions
| Assign group hotkey | 61 | |
| Basic commands | 200 | |
| Build / train | 203 | |
| Enter build submenu | 39 | |
| Enter hero's abilities submenu | 21 | |
| Give item / drop item | 2 | |
| Remove unit from queue | 3 | |
| Right click | 4842 | |
| Select / deselect | 2159 | |
| Select group hotkey | 3671 | |
| Use ability | 572 | |
11775 total
» units
| Acolyte | 67 | |
| Ghoul | 5 | |
| Crypt Fiend | 32 | |
| Obsidian Statue | 15 | |
| Meatwagon | 5 | |
124 total
» upgrades
| Burrow | 1 | |
| Web | 1 | |
| Creature Attack | 3 | |
| Creature Carapace | 3 | |
| Destroyer Form | 1 | |
| Unholy Strength | 1 | |
10 total
» buildings
| Crypt | 1 | |
| Graveyard | 1 | |
| Altar of Darkness | 3 | |
| Ziggurat | 27 | |
| Tomb of Relics | 3 | |
| Nerubian Tower | 3 | |
| Halls of the Dead | 2 | |
| Slaughterhouse | 2 | |
| Black Citadel | 2 | |
| Necropolis | 3 | |
| Spirit Tower | 9 | |
56 total
» build order
00:11 Crypt
00:18 Graveyard
00:41 Altar of Darkness
00:56 Ziggurat
01:13 Tomb of Relics
01:22 Tomb of Relics
01:41 Ziggurat
02:21 Nerubian Tower
04:19 Halls of the Dead
04:35 Ziggurat
05:29 Ziggurat
06:47 Slaughterhouse
07:43 Black Citadel
08:51 Slaughterhouse
09:59 Ziggurat
10:02 Ziggurat
13:55 Ziggurat
20:00 Ziggurat
26:28 Necropolis
33:16 Halls of the Dead
34:16 Spirit Tower
58:36 Necropolis
60:16 Ziggurat
60:17 Ziggurat
60:18 Ziggurat
60:19 Ziggurat
60:20 Ziggurat
61:20 Spirit Tower
61:36 Ziggurat
61:40 Ziggurat
66:30 Ziggurat
66:32 Ziggurat
66:33 Ziggurat
66:35 Ziggurat
66:36 Ziggurat
66:37 Ziggurat
66:39 Ziggurat
67:39 Spirit Tower
67:40 Nerubian Tower
67:41 Spirit Tower
67:42 Spirit Tower
67:43 Spirit Tower
68:12 Spirit Tower
68:13 Spirit Tower
69:43 Ziggurat
69:44 Ziggurat
70:30 Ziggurat
71:01 Ziggurat
71:03 Necropolis
72:39 Spirit Tower
74:03 Nerubian Tower
81:13 Altar of Darkness
82:38 Ziggurat
82:55 Black Citadel
93:04 Altar of Darkness
101:02 Tomb of Relics
» items
| Rod of Necromancy | 1 | |
| Dust of Appearance | 1 | |
| Orb of Corruption | 3 | |
| Scroll of Town Portal | 9 | |
| Potion of Healing | 8 | |
| Runed Bracers | 2 | |
| Scroll of Healing | 1 | |
| Potion of Mana | 1 | |
26 total
team 2 (winner)
bLinn (
purple | 107 APM | 14725 actions | 138:09)
10 Tauren Chieftain
3 Shockwave
3 Endurance Aura
1 Reincarnation
3 War Stomp
10 Pandaren Brewmaster
3 Breath of Fire
3 Drunken Haze
1 Storm Earth and Fire
3 Drunken Brawler
» actions
| Assign group hotkey | 704 | |
| Basic commands | 50 | |
| Build / train | 215 | |
| ESC pressed | 2 | |
| Enter build submenu | 127 | |
| Enter hero's abilities submenu | 22 | |
| Give item / drop item | 12 | |
| Remove unit from queue | 6 | |
| Right click | 9708 | |
| Select / deselect | 1784 | |
| Select group hotkey | 1135 | |
| Use ability | 957 | |
14725 total
» units
| Peon | 31 | |
| Troll Batrider | 27 | |
| Goblin Zeppelin | 4 | |
| Raider | 2 | |
64 total
» upgrades
| Spiked Barricades | 3 | |
| Reinforced Defenses | 1 | |
| Liquid Fire | 1 | |
| Ranged Weapons | 3 | |
| Armor | 3 | |
| Ensnare | 1 | |
12 total
» buildings
| Altar of Storms | 1 | |
| Orc Burrow | 8 | |
| War Mill | 2 | |
| Watch Tower | 99 | |
| Voodoo Lounge | 4 | |
| Stronghold | 3 | |
| Fortress | 2 | |
| Great Hall | 1 | |
| Beastiary | 4 | |
124 total
» build order
00:02 Altar of Storms
00:10 Orc Burrow
00:38 War Mill
01:53 Watch Tower
02:09 Watch Tower
02:26 Orc Burrow
03:03 Watch Tower
03:11 Watch Tower
03:30 Watch Tower
03:38 Voodoo Lounge
04:09 Watch Tower
04:12 Watch Tower
04:30 Watch Tower
04:36 Watch Tower
04:55 Watch Tower
05:09 Watch Tower
05:18 Watch Tower
05:35 Watch Tower
06:02 Watch Tower
06:03 Watch Tower
06:26 Watch Tower
07:13 Stronghold
07:15 Watch Tower
07:16 Watch Tower
07:23 Watch Tower
08:02 Watch Tower
08:04 Watch Tower
08:32 Watch Tower
08:36 Watch Tower
08:37 Watch Tower
08:38 Watch Tower
08:38 Watch Tower
09:17 Watch Tower
09:18 Watch Tower
09:35 Orc Burrow
09:57 Watch Tower
10:01 Watch Tower
10:02 Watch Tower
10:25 Fortress
10:25 Fortress
10:35 Voodoo Lounge
12:02 Great Hall
12:08 Beastiary
12:10 Watch Tower
12:45 Watch Tower
12:49 Watch Tower
13:05 Beastiary
13:16 Watch Tower
13:35 Watch Tower
13:42 Watch Tower
13:46 Watch Tower
14:55 Watch Tower
14:55 Watch Tower
15:06 Watch Tower
15:54 Watch Tower
15:56 Watch Tower
15:59 Watch Tower
17:48 Watch Tower
17:49 Watch Tower
17:52 Watch Tower
17:53 Watch Tower
17:57 Watch Tower
19:01 Watch Tower
19:02 Watch Tower
19:04 Watch Tower
19:04 Watch Tower
20:06 Watch Tower
20:06 Watch Tower
21:32 Watch Tower
21:33 Watch Tower
22:31 Watch Tower
22:59 Watch Tower
23:06 Watch Tower
23:06 Watch Tower
24:18 Watch Tower
26:37 Watch Tower
27:39 Watch Tower
27:40 Watch Tower
28:06 Watch Tower
28:45 Watch Tower
28:47 Watch Tower
28:48 Watch Tower
28:48 Watch Tower
28:58 Watch Tower
28:59 Watch Tower
29:00 Watch Tower
29:34 Watch Tower
29:35 Watch Tower
29:36 Watch Tower
29:56 Watch Tower
30:02 Watch Tower
30:41 Watch Tower
30:42 Watch Tower
30:43 Watch Tower
30:43 Watch Tower
30:52 War Mill
32:53 Watch Tower
32:54 Watch Tower
36:17 Watch Tower
36:17 Watch Tower
36:21 Watch Tower
36:22 Watch Tower
36:22 Watch Tower
37:31 Voodoo Lounge
37:33 Watch Tower
37:34 Watch Tower
37:41 Watch Tower
37:42 Watch Tower
38:43 Watch Tower
38:43 Watch Tower
38:44 Watch Tower
38:46 Watch Tower
38:47 Watch Tower
43:06 Beastiary
43:09 Beastiary
43:11 Orc Burrow
45:20 Orc Burrow
45:22 Orc Burrow
45:24 Orc Burrow
64:53 Voodoo Lounge
73:46 Orc Burrow
» items
| Healing Salve | 2 | |
| Lesser Clarity Potion | 8 | |
| Scroll of Speed | 1 | |
| Robe of the Magi +6 | 2 | |
| Orb of Lightning | 2 | |
| Potion of Mana | 5 | |
| Scroll of Town Portal | 6 | |
| Mana Stone | 3 | |
| Ice Shard | 2 | |
| Staff of Sanctuary | 2 | |
| Scroll of Regeneration | 2 | |
| Inferno Stone | 1 | |
| Runed Bracers | 1 | |
| Healing Wards | 1 | |
| Sobi Mask | 2 | |
40 total
CRYTEARSOFBLOOD (
green | 165 APM | 22859 actions | 138:09)
8 Archmage
3 Blizzard
3 Brilliance Aura
1 Mass Teleport
1 Summon Water Elemental
9 Mountain King
3 Storm Bolt
3 Bash
1 Avatar
2 Thunder Clap
9 Paladin
3 Holy Light
3 Divine Shield
1 Resurrection
2 Devotion Aura
» actions
| Assign group hotkey | 41 | |
| Basic commands | 371 | |
| Build / train | 244 | |
| Enter build submenu | 110 | |
| Enter hero's abilities submenu | 26 | |
| Give item / drop item | 2 | |
| Remove unit from queue | 8 | |
| Right click | 8216 | |
| Select / deselect | 1839 | |
| Select group hotkey | 10988 | |
| Use ability | 1011 | |
22859 total
» units
| Peasant | 19 | |
| Dragonhawk Rider | 42 | |
| Goblin Sapper | 1 | |
| Goblin Zeppelin | 2 | |
64 total
» upgrades
| Masonry | 3 | |
| Lumber Harvesting | 2 | |
| Cloud | 1 | |
| Magic Sentry | 1 | |
| Long Rifles | 0 | |
| Animal War Training | 1 | |
| Swords | 2 | |
| Armor | 1 | |
| Plating | 0 | |
11 total
» buildings
| Altar of Kings | 2 | |
| Farm | 33 | |
| Lumber Mill | 1 | |
| Scout Tower | 79 | |
| Guard Tower | 54 | |
| Arcane Vault | 4 | |
| Keep | 5 | |
| Castle | 4 | |
| Town Hall | 3 | |
| Gryphon Aviary | 5 | |
| Barracks | 1 | |
| Arcane Sanctum | 1 | |
| Blacksmith | 1 | |
193 total
» build order
00:07 Altar of Kings
00:10 Farm
00:43 Farm
01:06 Lumber Mill
01:36 Scout Tower
01:38 Farm
01:56 Scout Tower
02:11 Guard Tower
02:22 Scout Tower
02:26 Arcane Vault
02:36 Guard Tower
02:39 Scout Tower
02:57 Farm
03:12 Guard Tower
03:26 Guard Tower
03:29 Scout Tower
03:30 Scout Tower
03:32 Scout Tower
03:42 Scout Tower
03:43 Scout Tower
03:45 Scout Tower
04:05 Guard Tower
04:15 Guard Tower
04:26 Guard Tower
04:36 Guard Tower
04:41 Scout Tower
04:42 Scout Tower
04:43 Scout Tower
04:51 Scout Tower
04:53 Scout Tower
04:54 Scout Tower
04:56 Scout Tower
04:57 Guard Tower
05:10 Guard Tower
05:19 Guard Tower
05:23 Guard Tower
05:27 Guard Tower
05:36 Guard Tower
06:03 Guard Tower
06:21 Keep
06:21 Keep
06:21 Keep
06:21 Keep
06:26 Guard Tower
06:41 Scout Tower
06:42 Scout Tower
06:50 Guard Tower
07:09 Scout Tower
07:10 Scout Tower
07:12 Scout Tower
07:16 Guard Tower
07:35 Guard Tower
07:43 Scout Tower
07:44 Scout Tower
08:01 Guard Tower
08:15 Guard Tower
08:32 Guard Tower
08:34 Scout Tower
08:35 Scout Tower
08:37 Scout Tower
08:40 Guard Tower
09:24 Castle
09:25 Castle
09:25 Castle
09:38 Scout Tower
09:39 Scout Tower
09:41 Scout Tower
09:42 Scout Tower
09:47 Scout Tower
09:48 Scout Tower
09:50 Scout Tower
09:51 Scout Tower
10:33 Guard Tower
10:37 Guard Tower
11:02 Town Hall
11:04 Guard Tower
11:25 Guard Tower
12:21 Guard Tower
12:27 Gryphon Aviary
13:26 Guard Tower
13:29 Gryphon Aviary
13:48 Gryphon Aviary
14:04 Scout Tower
14:12 Scout Tower
14:13 Scout Tower
14:14 Scout Tower
14:15 Scout Tower
14:58 Guard Tower
15:51 Guard Tower
16:18 Guard Tower
16:20 Scout Tower
16:21 Scout Tower
16:22 Scout Tower
16:24 Scout Tower
16:28 Farm
16:30 Farm
16:46 Scout Tower
16:47 Scout Tower
16:48 Scout Tower
16:50 Scout Tower
16:51 Scout Tower
16:53 Scout Tower
16:54 Scout Tower
16:55 Scout Tower
17:19 Guard Tower
17:42 Farm
17:44 Farm
17:46 Farm
18:01 Guard Tower
18:09 Guard Tower
18:37 Guard Tower
19:14 Farm
19:15 Farm
19:55 Guard Tower
19:55 Guard Tower
19:55 Guard Tower
20:43 Barracks
20:49 Guard Tower
21:25 Arcane Sanctum
21:32 Scout Tower
21:35 Scout Tower
21:36 Scout Tower
21:52 Arcane Vault
21:56 Arcane Vault
22:45 Guard Tower
22:57 Blacksmith
23:16 Scout Tower
23:44 Guard Tower
25:12 Scout Tower
27:41 Guard Tower
29:48 Guard Tower
29:51 Guard Tower
29:54 Guard Tower
29:55 Scout Tower
30:03 Town Hall
30:12 Scout Tower
30:14 Scout Tower
30:15 Scout Tower
30:16 Scout Tower
30:29 Guard Tower
30:50 Guard Tower
30:58 Scout Tower
30:59 Scout Tower
31:02 Scout Tower
31:04 Scout Tower
31:22 Guard Tower
32:11 Guard Tower
38:54 Farm
38:56 Scout Tower
38:58 Scout Tower
39:16 Scout Tower
39:18 Scout Tower
39:20 Scout Tower
39:35 Guard Tower
40:09 Guard Tower
40:21 Guard Tower
40:54 Scout Tower
40:56 Scout Tower
42:32 Scout Tower
42:33 Scout Tower
42:37 Scout Tower
42:39 Scout Tower
43:10 Guard Tower
43:11 Scout Tower
43:14 Scout Tower
49:59 Gryphon Aviary
50:08 Gryphon Aviary
55:17 Farm
55:19 Farm
58:33 Altar of Kings
58:57 Farm
58:58 Farm
59:00 Farm
59:02 Farm
59:03 Farm
59:04 Farm
59:07 Farm
62:40 Arcane Vault
62:47 Farm
62:49 Farm
62:51 Farm
62:52 Farm
62:57 Farm
64:37 Farm
65:52 Farm
65:53 Farm
65:54 Farm
65:57 Farm
70:56 Farm
70:58 Farm
73:12 Town Hall
» items
| Lesser Clarity Potion | 5 | |
| Scroll of Regeneration | 2 | |
| Healing Salve | 1 | |
| Orb of Fire | 2 | |
| Staff of Sanctuary | 3 | |
| Ivory Tower | 3 | |
| Scroll of Town Portal | 7 | |
| Potion of Healing | 2 | |
| Scourge Bone Chimes | 1 | |
| Alleria's Flute of Accuracy | 1 | |
| Book of the Dead | 2 | |
| Ankh of Reincarnation | 1 | |
| Mana Stone | 1 | |
| Inferno Stone | 2 | |
| Belt of Giant Strength +6 | 1 | |
| Orb of Venom | 1 | |
| Anti-magic Potion | 2 | |
37 total
iggy_the_fisk (
pink | 112 APM | 15509 actions | 138:08)
10 Mountain King
3 Storm Bolt
3 Bash
1 Avatar
3 Thunder Clap
10 Paladin
3 Holy Light
3 Divine Shield
3 Devotion Aura
1 Resurrection
» actions
| Assign group hotkey | 280 | |
| Basic commands | 117 | |
| Build / train | 421 | |
| Enter build submenu | 371 | |
| Enter hero's abilities submenu | 22 | |
| Give item / drop item | 2 | |
| Remove unit from queue | 4 | |
| Right click | 7592 | |
| Select / deselect | 1655 | |
| Select group hotkey | 3840 | |
| Use ability | 1205 | |
15509 total
» units
| Peasant | 72 | |
| Dragonhawk Rider | 26 | |
| Goblin Zeppelin | 1 | |
| Flying Machine | 21 | |
120 total
» upgrades
| Masonry | 3 | |
| Lumber Harvesting | 3 | |
| Magic Sentry | 1 | |
| Animal War Training | 1 | |
| Swords | 3 | |
| Armor | 2 | |
| Cloud | 1 | |
| Sorceress Training | 1 | |
| Priest Training | 1 | |
| Gunpowder | 1 | |
| Plating | 1 | |
| Flak Cannons | 1 | |
19 total
» buildings
| Altar of Kings | 1 | |
| Farm | 23 | |
| Scout Tower | 420 | |
| Lumber Mill | 4 | |
| Arcane Tower | 16 | |
| Guard Tower | 188 | |
| Keep | 2 | |
| Arcane Vault | 4 | |
| Castle | 2 | |
| Gryphon Aviary | 2 | |
| Arcane Sanctum | 3 | |
| Barracks | 1 | |
| Blacksmith | 2 | |
| Town Hall | 3 | |
| Workshop | 1 | |
672 total
» build order
00:05 Altar of Kings
00:18 Farm
00:49 Farm
00:52 Scout Tower
00:55 Lumber Mill
01:16 Farm
01:19 Scout Tower
01:30 Arcane Tower
01:30 Arcane Tower
01:30 Arcane Tower
02:02 Scout Tower
02:04 Guard Tower
02:05 Guard Tower
02:15 Scout Tower
02:20 Scout Tower
02:28 Scout Tower
02:31 Arcane Tower
02:31 Arcane Tower
02:54 Guard Tower
03:13 Guard Tower
03:15 Scout Tower
03:45 Guard Tower
03:47 Scout Tower
03:50 Guard Tower
03:51 Scout Tower
04:21 Scout Tower
04:22 Guard Tower
04:23 Guard Tower
04:25 Scout Tower
04:27 Scout Tower
04:53 Guard Tower
04:55 Scout Tower
05:07 Scout Tower
05:36 Scout Tower
05:37 Scout Tower
05:43 Scout Tower
06:05 Lumber Mill
06:11 Guard Tower
06:17 Keep
06:19 Guard Tower
06:25 Scout Tower
06:27 Scout Tower
06:28 Scout Tower
06:50 Scout Tower
06:51 Scout Tower
07:14 Guard Tower
07:16 Arcane Vault
07:25 Scout Tower
07:30 Scout Tower
07:34 Guard Tower
07:40 Scout Tower
07:41 Scout Tower
07:42 Scout Tower
07:48 Guard Tower
07:52 Scout Tower
07:52 Scout Tower
08:12 Guard Tower
08:19 Guard Tower
08:23 Scout Tower
08:25 Guard Tower
08:27 Scout Tower
08:29 Scout Tower
08:32 Guard Tower
08:34 Scout Tower
08:34 Scout Tower
08:42 Castle
08:45 Gryphon Aviary
08:51 Scout Tower
08:59 Guard Tower
08:59 Arcane Vault
09:02 Arcane Sanctum
09:05 Arcane Sanctum
09:08 Guard Tower
09:08 Guard Tower
09:19 Guard Tower
09:23 Guard Tower
09:27 Guard Tower
09:40 Farm
10:08 Farm
10:36 Scout Tower
10:45 Guard Tower
10:46 Scout Tower
10:48 Scout Tower
11:05 Barracks
11:06 Blacksmith
11:08 Guard Tower
11:09 Farm
11:13 Scout Tower
11:21 Guard Tower
12:20 Guard Tower
13:20 Town Hall
13:28 Scout Tower
13:29 Scout Tower
13:30 Scout Tower
13:30 Scout Tower
13:48 Scout Tower
13:53 Scout Tower
13:54 Scout Tower
13:55 Scout Tower
13:56 Scout Tower
14:22 Guard Tower
14:25 Guard Tower
14:25 Guard Tower
14:57 Scout Tower
15:44 Scout Tower
15:44 Scout Tower
15:46 Guard Tower
15:52 Scout Tower
15:52 Scout Tower
15:56 Guard Tower
16:14 Guard Tower
16:26 Guard Tower
16:59 Guard Tower
17:00 Scout Tower
17:01 Scout Tower
17:02 Scout Tower
17:03 Guard Tower
17:03 Guard Tower
17:04 Scout Tower
17:55 Guard Tower
18:14 Guard Tower
18:19 Scout Tower
18:20 Scout Tower
18:21 Scout Tower
18:21 Scout Tower
18:25 Scout Tower
18:25 Scout Tower
18:26 Guard Tower
19:09 Scout Tower
19:10 Scout Tower
19:10 Scout Tower
19:11 Scout Tower
19:12 Scout Tower
19:13 Scout Tower
19:15 Arcane Vault
19:16 Scout Tower
19:17 Scout Tower
19:17 Scout Tower
19:18 Scout Tower
19:18 Scout Tower
19:19 Scout Tower
19:22 Guard Tower
19:37 Guard Tower
19:39 Scout Tower
19:40 Scout Tower
19:44 Scout Tower
19:55 Guard Tower
20:24 Guard Tower
20:35 Guard Tower
20:36 Guard Tower
20:38 Scout Tower
20:39 Scout Tower
20:40 Scout Tower
20:46 Guard Tower
20:48 Scout Tower
20:49 Scout Tower
20:49 Scout Tower
20:50 Scout Tower
21:13 Guard Tower
22:42 Guard Tower
22:43 Scout Tower
22:44 Scout Tower
22:44 Scout Tower
22:45 Scout Tower
22:46 Guard Tower
22:50 Lumber Mill
23:04 Guard Tower
23:07 Guard Tower
24:34 Guard Tower
25:11 Scout Tower
25:12 Scout Tower
25:12 Scout Tower
25:13 Scout Tower
25:13 Scout Tower
25:13 Scout Tower
25:35 Scout Tower
25:36 Scout Tower
25:37 Scout Tower
25:37 Scout Tower
25:53 Guard Tower
25:55 Scout Tower
25:56 Scout Tower
25:58 Scout Tower
26:04 Scout Tower
26:05 Scout Tower
26:13 Scout Tower
26:14 Guard Tower
26:17 Scout Tower
26:18 Town Hall
26:20 Scout Tower
26:33 Guard Tower
26:43 Guard Tower
26:46 Scout Tower
26:47 Scout Tower
26:48 Scout Tower
26:48 Scout Tower
26:49 Scout Tower
26:49 Scout Tower
26:49 Scout Tower
26:56 Scout Tower
26:58 Guard Tower
27:00 Guard Tower
27:03 Scout Tower
27:04 Scout Tower
27:05 Scout Tower
27:28 Scout Tower
27:29 Scout Tower
27:30 Guard Tower
27:32 Arcane Vault
27:34 Scout Tower
27:35 Scout Tower
27:47 Scout Tower
27:48 Scout Tower
27:50 Scout Tower
28:06 Guard Tower
28:08 Scout Tower
28:11 Guard Tower
28:16 Scout Tower
28:23 Guard Tower
28:25 Scout Tower
28:26 Scout Tower
28:26 Scout Tower
28:29 Guard Tower
28:30 Scout Tower
28:30 Scout Tower
28:31 Scout Tower
28:32 Scout Tower
28:42 Scout Tower
28:57 Guard Tower
28:58 Scout Tower
29:02 Scout Tower
29:03 Scout Tower
29:06 Guard Tower
29:21 Arcane Tower
30:05 Lumber Mill
31:03 Guard Tower
31:18 Town Hall
31:31 Scout Tower
31:36 Scout Tower
31:37 Scout Tower
31:38 Scout Tower
31:39 Scout Tower
31:39 Scout Tower
31:43 Scout Tower
31:45 Scout Tower
31:46 Scout Tower
31:47 Scout Tower
31:48 Scout Tower
31:54 Scout Tower
31:55 Scout Tower
32:00 Guard Tower
32:01 Scout Tower
32:02 Scout Tower
32:03 Scout Tower
32:03 Scout Tower
32:08 Scout Tower
32:09 Scout Tower
32:10 Scout Tower
32:11 Scout Tower
32:13 Guard Tower
32:17 Scout Tower
32:18 Scout Tower
32:19 Scout Tower
32:20 Scout Tower
32:21 Scout Tower
32:23 Scout Tower
32:23 Scout Tower
32:25 Scout Tower
32:25 Scout Tower
32:26 Scout Tower
32:27 Scout Tower
32:28 Scout Tower
32:28 Scout Tower
32:29 Scout Tower
32:30 Scout Tower
32:30 Scout Tower
32:31 Scout Tower
32:34 Scout Tower
32:34 Scout Tower
32:38 Scout Tower
32:40 Scout Tower
32:40 Scout Tower
32:41 Scout Tower
32:42 Scout Tower
32:42 Scout Tower
32:47 Guard Tower
32:50 Scout Tower
32:51 Scout Tower
32:57 Scout Tower
32:58 Scout Tower
32:59 Scout Tower
33:00 Scout Tower
33:01 Scout Tower
33:02 Scout Tower
33:13 Guard Tower
33:15 Guard Tower
33:30 Guard Tower
33:31 Scout Tower
33:34 Guard Tower
33:35 Scout Tower
33:53 Guard Tower
33:57 Scout Tower
33:58 Scout Tower
34:09 Guard Tower
34:10 Scout Tower
34:11 Scout Tower
34:31 Guard Tower
34:33 Scout Tower
34:34 Scout Tower
34:34 Scout Tower
34:35 Scout Tower
34:36 Scout Tower
34:41 Scout Tower
35:00 Guard Tower
35:01 Scout Tower
35:22 Guard Tower
35:24 Scout Tower
35:25 Scout Tower
35:28 Guard Tower
35:31 Scout Tower
35:31 Scout Tower
36:18 Gryphon Aviary
36:20 Guard Tower
36:21 Guard Tower
36:46 Guard Tower
36:48 Scout Tower
36:48 Scout Tower
36:50 Guard Tower
37:27 Scout Tower
37:28 Scout Tower
37:50 Scout Tower
37:52 Guard Tower
37:59 Scout Tower
38:00 Scout Tower
38:03 Scout Tower
38:07 Scout Tower
38:10 Scout Tower
38:11 Scout Tower
38:16 Arcane Sanctum
38:18 Scout Tower
38:19 Scout Tower
38:21 Scout Tower
38:22 Guard Tower
38:24 Scout Tower
38:37 Guard Tower
38:38 Scout Tower
38:41 Scout Tower
38:41 Scout Tower
38:51 Scout Tower
38:58 Guard Tower
38:59 Scout Tower
39:01 Guard Tower
39:03 Scout Tower
39:15 Guard Tower
39:17 Scout Tower
39:18 Scout Tower
39:19 Scout Tower
40:52 Scout Tower
40:55 Scout Tower
40:56 Guard Tower
40:57 Scout Tower
40:59 Guard Tower
41:01 Scout Tower
41:01 Scout Tower
41:07 Guard Tower
41:20 Scout Tower
41:22 Scout Tower
41:23 Scout Tower
41:24 Guard Tower
41:27 Scout Tower
41:36 Scout Tower
41:36 Scout Tower
41:38 Guard Tower
41:40 Scout Tower
41:41 Scout Tower
41:42 Scout Tower
41:43 Scout Tower
41:43 Scout Tower
41:44 Scout Tower
42:03 Guard Tower
42:04 Scout Tower
42:07 Guard Tower
42:08 Scout Tower
42:19 Farm
42:20 Farm
42:21 Farm
42:21 Farm
42:23 Guard Tower
43:00 Guard Tower
43:01 Scout Tower
43:03 Guard Tower
43:05 Scout Tower
43:06 Scout Tower
43:10 Scout Tower
43:11 Guard Tower
44:18 Guard Tower
44:20 Scout Tower
44:21 Scout Tower
44:23 Scout Tower
44:25 Guard Tower
44:29 Scout Tower
44:30 Guard Tower
44:33 Scout Tower
44:34 Scout Tower
44:35 Scout Tower
44:39 Keep
44:51 Farm
44:55 Scout Tower
44:56 Scout Tower
44:57 Guard Tower
44:58 Scout Tower
45:06 Guard Tower
45:08 Scout Tower
45:10 Guard Tower
45:12 Scout Tower
45:14 Scout Tower
45:15 Scout Tower
45:26 Guard Tower
45:28 Scout Tower
45:42 Guard Tower
46:05 Guard Tower
46:06 Scout Tower
46:14 Scout Tower
46:17 Scout Tower
46:29 Guard Tower
46:31 Scout Tower
46:33 Scout Tower
46:35 Guard Tower
46:44 Scout Tower
46:45 Guard Tower
47:41 Guard Tower
47:49 Scout Tower
47:57 Guard Tower
47:58 Scout Tower
48:01 Castle
48:02 Guard Tower
48:04 Guard Tower
48:08 Scout Tower
48:24 Guard Tower
48:26 Scout Tower
48:27 Scout Tower
48:29 Guard Tower
49:02 Guard Tower
49:09 Scout Tower
49:11 Scout Tower
49:12 Scout Tower
49:14 Guard Tower
49:17 Scout Tower
49:18 Scout Tower
49:21 Guard Tower
49:24 Scout Tower
50:38 Guard Tower
50:43 Guard Tower
50:44 Scout Tower
50:46 Guard Tower
50:47 Scout Tower
50:51 Scout Tower
51:08 Scout Tower
51:09 Scout Tower
51:15 Guard Tower
51:17 Scout Tower
51:34 Guard Tower
51:35 Scout Tower
51:40 Scout Tower
51:45 Guard Tower
51:55 Guard Tower
51:57 Scout Tower
52:00 Scout Tower
52:09 Guard Tower
52:10 Scout Tower
52:14 Scout Tower
52:15 Scout Tower
52:18 Scout Tower
52:38 Guard Tower
52:40 Scout Tower
52:45 Guard Tower
52:46 Scout Tower
52:48 Guard Tower
52:52 Scout Tower
52:55 Guard Tower
52:56 Scout Tower
53:52 Guard Tower
53:56 Scout Tower
54:11 Guard Tower
54:14 Scout Tower
54:16 Guard Tower
54:19 Scout Tower
54:20 Scout Tower
54:23 Guard Tower
54:29 Scout Tower
54:32 Scout Tower
54:41 Guard Tower
54:48 Scout Tower
55:13 Scout Tower
55:15 Guard Tower
55:23 Guard Tower
56:07 Scout Tower
56:09 Guard Tower
56:10 Scout Tower
56:11 Scout Tower
56:13 Guard Tower
56:15 Scout Tower
56:16 Scout Tower
56:26 Scout Tower
56:27 Scout Tower
57:07 Guard Tower
57:11 Arcane Tower
57:15 Scout Tower
57:17 Guard Tower
57:20 Scout Tower
57:22 Guard Tower
57:29 Farm
57:33 Scout Tower
57:33 Scout Tower
57:34 Scout Tower
57:34 Scout Tower
57:36 Scout Tower
57:37 Scout Tower
57:38 Scout Tower
57:39 Scout Tower
57:46 Scout Tower
57:46 Guard Tower
57:48 Guard Tower
57:50 Scout Tower
57:55 Scout Tower
58:25 Arcane Tower
58:28 Guard Tower
58:30 Scout Tower
58:32 Guard Tower
58:37 Scout Tower
58:45 Farm
58:49 Scout Tower
58:58 Arcane Tower
59:02 Guard Tower
59:04 Scout Tower
59:06 Guard Tower
59:07 Scout Tower
59:39 Arcane Tower
59:40 Scout Tower
59:41 Scout Tower
59:42 Scout Tower
59:43 Scout Tower
59:44 Scout Tower
59:45 Scout Tower
59:45 Scout Tower
59:50 Guard Tower
60:06 Guard Tower
60:20 Arcane Tower
60:42 Arcane Tower
60:56 Scout Tower
60:58 Scout Tower
61:26 Arcane Tower
61:36 Guard Tower
62:21 Arcane Tower
69:11 Scout Tower
69:11 Scout Tower
69:13 Scout Tower
69:14 Scout Tower
69:15 Scout Tower
69:15 Scout Tower
69:18 Scout Tower
69:18 Scout Tower
69:19 Scout Tower
70:06 Guard Tower
70:13 Scout Tower
70:14 Scout Tower
70:14 Scout Tower
70:15 Scout Tower
70:32 Guard Tower
70:56 Scout Tower
70:56 Scout Tower
71:01 Scout Tower
71:07 Scout Tower
71:16 Scout Tower
71:17 Scout Tower
71:17 Guard Tower
72:25 Guard Tower
72:26 Scout Tower
72:28 Scout Tower
72:29 Scout Tower
72:32 Scout Tower
72:54 Guard Tower
74:01 Guard Tower
76:03 Scout Tower
76:04 Scout Tower
76:05 Scout Tower
76:05 Scout Tower
76:07 Scout Tower
76:07 Scout Tower
76:09 Scout Tower
76:10 Scout Tower
76:10 Scout Tower
76:49 Guard Tower
77:53 Guard Tower
78:33 Guard Tower
81:06 Guard Tower
85:50 Scout Tower
85:52 Scout Tower
85:53 Scout Tower
85:53 Scout Tower
89:39 Guard Tower
89:40 Scout Tower
89:41 Scout Tower
89:42 Scout Tower
95:45 Scout Tower
95:46 Guard Tower
99:45 Scout Tower
100:19 Arcane Tower
101:30 Scout Tower
101:32 Scout Tower
101:32 Scout Tower
101:35 Scout Tower
102:17 Guard Tower
102:23 Scout Tower
102:46 Scout Tower
102:58 Guard Tower
103:03 Scout Tower
103:04 Scout Tower
103:04 Scout Tower
103:05 Scout Tower
103:05 Scout Tower
103:06 Scout Tower
103:07 Scout Tower
103:07 Scout Tower
106:08 Guard Tower
106:49 Guard Tower
110:17 Scout Tower
110:18 Scout Tower
110:18 Scout Tower
110:19 Scout Tower
114:03 Guard Tower
114:04 Scout Tower
114:43 Guard Tower
114:44 Scout Tower
115:18 Guard Tower
115:19 Scout Tower
115:51 Scout Tower
115:52 Guard Tower
116:20 Guard Tower
116:20 Scout Tower
117:57 Guard Tower
117:58 Scout Tower
128:24 Scout Tower
128:25 Scout Tower
128:26 Scout Tower
128:27 Scout Tower
128:27 Scout Tower
128:28 Scout Tower
133:26 Blacksmith
134:12 Workshop
134:15 Farm
134:18 Farm
134:22 Farm
134:24 Farm
134:25 Farm
134:30 Farm
134:31 Farm
135:34 Farm
135:37 Farm
135:41 Farm
» items
| Scroll of Regeneration | 7 | |
| Staff of Sanctuary | 2 | |
| Scroll of Town Portal | 24 | |
| Lesser Clarity Potion | 1 | |
| Orb of Venom | 2 | |
| Belt of Giant Strength +6 | 1 | |
| Robe of the Magi +6 | 1 | |
| Sobi Mask | 2 | |
| Health Stone | 1 | |
| Potion of Healing | 1 | |
| Mana Stone | 1 | |
43 total
NUTSONYOCHIN.de (
red | 107 APM | 14806 actions | 138:10)
10 Keeper of the Grove
3 Entangling Roots
3 Thorns Aura
1 Tranquility
3 Force of Nature
7 Dark Ranger
3 Silence
3 Life Drain
1 Charm
6 Warden
3 Shadow Strike
2 Blink
1 Spirit of Vengeance
» actions
| Assign group hotkey | 38 | |
| Basic commands | 192 | |
| Build / train | 132 | |
| ESC pressed | 6 | |
| Enter build submenu | 29 | |
| Enter hero's abilities submenu | 23 | |
| Give item / drop item | 12 | |
| Right click | 7133 | |
| Select / deselect | 580 | |
| Select group hotkey | 6119 | |
| Use ability | 542 | |
14806 total
» units
| Wisp | 31 | |
| Hippogryph | 15 | |
| Chimaera | 14 | |
| Goblin Zeppelin | 1 | |
61 total
» upgrades
| Strength of the Wild | 3 | |
| Reinforced Hides | 3 | |
| Ultravision | 1 | |
| Nature's Blessing | 1 | |
| Well Spring | 1 | |
| Corrosive Breath | 1 | |
10 total
» buildings
| Altar of Elders | 2 | |
| Moon Well | 18 | |
| Tree of Ages | 1 | |
| Ancient of Wind | 2 | |
| Ancient of Wonders | 2 | |
| Hunter's Hall | 1 | |
| Tree of Eternity | 1 | |
| Tree of Life | 4 | |
| Chimaera Roost | 3 | |
34 total
» build order
00:08 Altar of Elders
00:11 Moon Well
01:00 Moon Well
06:33 Tree of Ages
07:31 Moon Well
09:18 Ancient of Wind
09:20 Ancient of Wind
09:23 Ancient of Wonders
10:37 Hunter's Hall
10:38 Moon Well
10:39 Moon Well
10:42 Tree of Eternity
13:15 Tree of Life
13:24 Chimaera Roost
13:25 Chimaera Roost
19:21 Moon Well
19:21 Moon Well
19:22 Moon Well
19:23 Moon Well
19:24 Moon Well
19:24 Moon Well
20:56 Ancient of Wonders
39:28 Tree of Life
42:14 Chimaera Roost
45:19 Altar of Elders
64:18 Tree of Life
64:20 Tree of Life
64:28 Moon Well
64:30 Moon Well
64:31 Moon Well
64:32 Moon Well
64:35 Moon Well
64:38 Moon Well
64:48 Moon Well
» items
| Orb of Venom | 1 | |
| Scroll of Town Portal | 1 | |
| Potion of Healing | 1 | |
| Staff of Preservation | 1 | |
| Staff of Sanctuary | 3 | |
| Alleria's Flute of Accuracy | 1 | |
| Belt of Giant Strength +6 | 1 | |
| Potion of Divinity | 4 | |
| Ankh of Reincarnation | 3 | |
| Sobi Mask | 1 | |
| Orb of Lightning | 2 | |
| Boots of Quel'Thalas +6 | 2 | |
| Robe of the Magi +6 | 2 | |
| Potion of Restoration | 1 | |
| Runed Bracers | 2 | |
| Health Stone | 1 | |
| Inferno Stone | 2 | |
29 total
Chat log
(04:03 / All) CRYTEARSOFBLOOD: ROFLROFLRFR
(06:01 / All) iggy_the_fisk: ty 3 herokils
(14:40 / All) CRYTEARSOFBLOOD: MAPHACK OUTTA CERIAL BOX?
(29:41 / All) iggy_the_fisk: orange
(29:43 / All) iggy_the_fisk: U noob?
(35:13 / All) iggy_the_fisk: Lol orange nob
(37:47 / All) CRYTEARSOFBLOOD: NICE MH
(45:04 / All) iggy_the_fisk: Howya doing noobs
(47:36 / All) iggy_the_fisk: nope magic immune shitnoob
(52:07 / All) iggy_the_fisk: noobos
(53:43 / All) CRYTEARSOFBLOOD: FUCKIN MH
(54:07 / All) CRYTEARSOFBLOOD: EVERYONE ON THIS SERVER SUCKS
(60:07 / All) CRYTEARSOFBLOOD: HAHA HACKING TRASH
(60:18 / All) dEr.FuX: IHR BLAMIERT EUCH WIE EIN ZU ENGES SHIRT
(60:29 / All) CRYTEARSOFBLOOD: DIE IN FIRE
(60:31 / All) CRYTEARSOFBLOOD: CANCER U
(60:36 / All) iggy_the_fisk: ty for free win
(63:54 / Allies) NUTSONYOCHIN.de: ?
(72:14 / All) iggy_the_fisk: KJ noob
(73:53 / All) iggy_the_fisk: Sweet coil ud noob
(75:08 / Allies) bLinn: heal heal heal
(77:31 / All) iggy_the_fisk: bye
(77:32 / All) iggy_the_fisk: Noob
(82:22 / All) iggy_the_fisk: how you noobs doing
(85:58 / All) bLinn: der.Zonk
(89:28 / All) iggy_the_fisk: orange noob
(90:00 / Allies) CRYTEARSOFBLOOD: <3
(92:10 / All) iggy_the_fisk: Lmao noobs
(97:49 / All) bLinn: man.. u guys ever hear of this thing called maphack? kinda useful imo
(102:49 / All) CRYTEARSOFBLOOD: I LIKE WARRRRR CRRRAAFFFFTTTT
(103:22 / All) CRYTEARSOFBLOOD: SHIT NOOBS CANT WAIT TILL UR MOMMYS AND DADDYS YELL AT U
(103:39 / All) der.ZonK: ohhhhhhh
(103:54 / All) CRYTEARSOFBLOOD: HOW OLD R U?
(104:06 / All) der.ZonK: 14
(104:14 / All) CRYTEARSOFBLOOD: GO OUTSIDE
(104:23 / All) bLinn: it a beautiful day... well not in russia lol
(104:32 / All) NUTSONYOCHIN.de: sjörgismar det ar treckenelm föööpppppp
(104:32 / All) der.ZonK: no its raining
(108:28 / All) bLinn: l'ownage fromage
(108:41 / All) CRYTEARSOFBLOOD: man u shit noobs lose all the big fights
(108:43 / All) CRYTEARSOFBLOOD: y is that?
(108:45 / All) CRYTEARSOFBLOOD: u dont micro?
(108:51 / All) griffin[lol]: 4 vs 2 hey , got job
(112:25 / All) bLinn: Moonwell abuse.. Moonyuice.
(113:11 / All) CRYTEARSOFBLOOD: leve
(113:12 / Allies) CRYTEARSOFBLOOD: \
(113:14 / All) CRYTEARSOFBLOOD: leave
(113:44 / All) CRYTEARSOFBLOOD: u have all the mines
(113:45 / All) CRYTEARSOFBLOOD: wtf?
(114:03 / All) CRYTEARSOFBLOOD: hows it feel
(114:08 / All) CRYTEARSOFBLOOD: to lose a 3 hour game?
(114:25 / All) CRYTEARSOFBLOOD: u lost to heros
(114:53 / All) CRYTEARSOFBLOOD: u guyz should wipe ur chests off
(114:58 / All) CRYTEARSOFBLOOD: caz we just pooed on em
(115:08 / All) bLinn: russian shitnoobs.. go outside in the rain & sing..
(115:19 / All) CRYTEARSOFBLOOD: lol
(118:01 / All) CRYTEARSOFBLOOD: MAN I CAN ONLY GET MY HEROS BACK ANOTHER 37 TIMES
(118:16 / All) bLinn: the game is over.
(118:21 / All) CRYTEARSOFBLOOD: MAN
(118:25 / All) CRYTEARSOFBLOOD: WTF?
(118:28 / All) CRYTEARSOFBLOOD: 80,000 GOLD
(118:30 / All) CRYTEARSOFBLOOD: roflrofl
(118:33 / All) CRYTEARSOFBLOOD: ROFLRFOLFFROLRFORFL
(121:30 / Allies) CRYTEARSOFBLOOD: SHIT NOOBS
(121:34 / All) CRYTEARSOFBLOOD: WE GAVE U 2 MINTUES
(123:42 / All) iggy_the_fisk: DAMN u noobs
(123:52 / All) bLinn: glurp glurp... i drink ur milkshake
(125:40 / All) CRYTEARSOFBLOOD: lol
(125:42 / All) CRYTEARSOFBLOOD: shit noobs
(128:11 / All) bLinn: A Nacolyte
(128:12 / Allies) NUTSONYOCHIN.de: a napolyte
(128:19 / Allies) NUTSONYOCHIN.de: zZzzZz
(128:31 / All) bLinn: Ima snackolyte on a delicious nacolyte..
(130:47 / All) bLinn: I haven't seen ur mother.. but I heard she would make on hell of a nacolyte.
(130:48 / All) CRYTEARSOFBLOOD: shit nub blue
(130:49 / All) CRYTEARSOFBLOOD: leave
(136:35 / All) CRYTEARSOFBLOOD: noob shitws
(136:38 / All) CRYTEARSOFBLOOD: noobshits leaved
(138:04 / All) CRYTEARSOFBLOOD: yeah
(138:06 / All) CRYTEARSOFBLOOD: thats right
(138:08 / All) CRYTEARSOFBLOOD: nubshits